 Dungeon Crawl Stone Soup version 0.28.0-53-g5a82cb258f (webtiles) character file.

Game seed: 6175481648219406974

409 safid the Digger (level 6, -1/38 HPs)
             Began as a Gargoyle Earth Elementalist on Sept 1, 2022.
             Engulfed by a steam dragon's steam (10 damage)
             ... on level 4 of the Dungeon.
             The game lasted 00:05:17 (4319 turns).

safid the Digger (Gargoyle Earth Elementalist)      Turns: 4319, Time: 00:05:18

Health: -1/38      AC:  7    Str: 12    XL:     6   Next: 89%
Magic:  11/12      EV: 12    Int: 23    God:
Gold:   201        SH:  5    Dex: 10    Spells: 12/13 levels left

rFire   . . .      SeeInvis .   d - +1 spear (venom)
rCold   . . .      Faith    .   (no shield)
rNeg    + . .      Spirit   .   b - +0 robe
rPois   ∞          Reflect  +   (no helmet)
rElec   +          Harm     .   (no cloak)
rCorr   .          Rampage  .   r - +0 pair of gloves
Will    .....                   (no boots)
Stlth   ++........              g - amulet of reflection
HPRegen 0.12/turn               m - +6 ring of intelligence
MPRegen 0.13/turn               (no ring)

@: no status effects
A: sickness immunity, AC +4, negative energy resistance 1, electricity
resistance, torment resistance 1, petrification resistance
a: no special abilities


You were on level 4 of the Dungeon.
You visited 1 branch of the dungeon, and saw 4 of its levels.

You collected 201 gold pieces.

Inventory:

Hand Weapons
 d - a +1 spear of venom (weapon)
Missiles
 c - 159 stones
Armour
 b - a +0 robe (worn)
 r - a +0 pair of gloves (worn)
Jewellery
 g - an amulet of reflection (around neck)
 m - a +6 ring of intelligence (left hand)
 v - a ring of fire
Wands
 w - a wand of acid (5)
Scrolls
 a - 4 scrolls of identify {unknown}
 f - a scroll of immolation {unknown}
 j - 3 scrolls of magic mapping {unknown}
 l - a scroll of vulnerability {unknown}
 t - a scroll of teleportation {unknown}
 u - a scroll of amnesia {unknown}
 x - a scroll of acquirement {unknown}
Potions
 e - 2 potions of heal wounds {unknown}
 h - a potion of curing {unknown}
 i - a potion of brilliance {unknown}
 k - 2 potions of invisibility {unknown}
 n - a potion of resistance {unknown}
 o - a potion of haste {unknown}
 p - a potion of ambrosia {unknown}
 q - a potion of degeneration {unknown}
 s - a potion of attraction {unknown}


   Skills:
 + Level 3.9 Fighting
 - Level 2.0 Dodging
 - Level 2.1 Stealth
 + Level 4.0 Spellcasting
 - Level 1.0 Transmutations
 + Level 5.8 Earth Magic


You had 12 spell levels left.
You knew the following spells:

 Your Spells              Type           Power      Damage    Failure   Level
a - Sandblast             Erth           62%        2d14      1%          1

Your spell library contained the following spells:

 Spells                   Type           Power      Damage    Failure   Level
 Passwall                 Tmut/Erth      16%        N/A       3%          2
 Stone Arrow              Conj/Erth      36%        3d9       10%         3
 Shock                    Conj/Air       16%        1d4       11%         1
 Petrify                  Tmut/Erth      20%        N/A       26%         4
 Swiftness                Air            4%         N/A       30%         3
 Airstrike                Air            2%         N/A       71%         4


Dungeon Overview and Level Annotations

Branches:
Dungeon (4/15)
 Temple: D:4-7

Altars:
The Shining One


Innate Abilities, Weirdness & Mutations

You are immune to sickness and miasma.
Your stone body is resilient. (AC +4)
You are immune to poison.
You resist negative energy. (rN+)
You are resistant to electric shocks. (rElec)
You are resistant to unholy torment.
You are immune to petrification.


Message History

You see here a +0 club.
You open the door.
There is an open door here.
You open the door.
Found an escape hatch in the floor.
There is an open door here.
You open the door.
Found a stone staircase leading down.
There is an open door here.
You open the door.
Found a stone staircase leading down.
There is an open door here.
There is an open door here.
You open the door.
There is an open door here.
As you open the door, it creaks loudly!
Found an escape hatch in the ceiling.
There is an open door here.
You open the door.
Found a stone staircase leading up.
There is an open door here.
There is an open door here.
A steam dragon comes into view.
The steam dragon hisses angrily.
A steam dragon is nearby!
The steam dragon breathes steam at you. The ball of steam hits you!
No target in view!
No target in view!
You are engulfed in a cloud of scalding steam.
* * * LOW HITPOINT WARNING * * *
Casting: Sandblast (safe; 1% risk of failure)
Confirm with . or Enter, or press ? or * to list all spells.
Aiming: Sandblast (safe; 1% risk of failure)
Press: ? - help, Shift-Dir - straight line, f - steam dragon
Aim: a steam dragon (82% to hit)
The blast of sand hits the steam dragon!
The steam dragon is moderately wounded.
You are engulfed in a cloud of scalding steam.
You die...

..........................#
#
..(......####.............#
## .........#
#............>## ##.
.........#
#..............####..
.........##
#................#...
..........#
##§..................
..........#
#.§..........##.....
..........#
#...........###.....
######...## ##.@§.......
#...###
######...######...§.....#
#...#
##...#...#...##...D§....
#...##
##.<.#...#.>.####......#
#..## #...#...#...# ##...#
... ##+#'#...#+#'##### ####
.'...'...+...+...#
.#.8.#.⌠.#.8.#.>.#
.+...'...'...'...#


You could see a steam dragon.

Vanquished Creatures
  A necrophage (D:4)
  A phantom (D:4)
  An orc priest (D:3)
  Jessica (D:3)
  An iguana (D:4)
  An orc wizard (D:3)
  A hound skeleton (D:3)
  A howler monkey skeleton (D:4)
  2 adders (D:3)
  4 worms
  A dart slug (D:2)
  4 orcs
  9 bats
  8 endoplasms
  2 giant cockroaches
  7 goblins
  5 hobgoblins
  6 jackals
  A quokka (D:2)
  9 ball pythons
  5 frilled lizards
  3 kobolds
  8 rats
82 creatures vanquished.

Notes
Turn   | Place    | Note
-------+----------+-------------------------------------------
     0 | D:1      | safid the Gargoyle Earth Elementalist began the quest for
                  | the Orb.
     0 | D:1      | Reached XP level 1. HP: 10/10 MP: 3/3
   281 | D:1      | Reached skill level 1 in Transmutations
   281 | D:1      | Reached XP level 2. HP: 16/16 MP: 5/5
   694 | D:1      | Reached skill level 1 in Fighting
  1084 | D:1      | Reached skill level 4 in Earth Magic
  1090 | D:1      | Reached XP level 3. HP: 20/20 MP: 6/6
  2257 | D:3      | Reached XP level 4. HP: 17/26 MP: 6/8
  2567 | D:3      | Noticed Jessica
  2584 | D:3      | Killed Jessica
  2585 | D:3      | Reached XP level 5. HP: 31/31 MP: 9/9
  2758 | D:3      | Reached skill level 5 in Earth Magic
  3012 | D:3      | Found a glowing golden altar of the Shining One.
  3471 | D:4      | Noticed a necrophage
  3486 | D:4      | Killed a necrophage
  3487 | D:4      | Reached XP level 6. HP: 30/37 MP: 9/11
  4315 | D:4      | Noticed a steam dragon
  4319 | D:4      | Engulfed by a steam dragon's steam

Illustrated notes

Levels and vault maps discovered:
D:1:      roderic_dead_forest, layout_basic
D:2:      layout_loops_cross
D:3:      minmay_thinvault, layout_basic, tso_oasis_becter, uniq_jessica
D:4:      layout_cave_pods, nicolae_elevator_lobby_plus

Skill      XL: |  1  2  3  4  5  6 |
---------------+-------------------+-----
Transmutations | 1 |  1.0
Fighting       | 1 2 3 |  3.9
Earth Magic    | 4 5 |  5.8
Dodging        | 2 |  2.0
Spellcasting   | 3 4 |  4.0
Stealth        | |  2.1

Action                   |  1- 3 |  4- 6 || total
-------------------------+-------+-------++-------
Melee: Spear             |   109 |   151 ||   260
       Punch             |       |     3 ||     3
 Cast: Sandblast         |     2 |     1 ||     3
 Stab: Sleeping          |    14 |     4 ||    18
       Distracted        |       |     1 ||     1
Armor: Robe              |    28 |    38 ||    66
Dodge: Dodged            |    52 |    50 ||   102
Block: Other             |    21 |    18 ||    39
       Reflection        |       |     1 ||     1
